 Dungeon Sprint DCSS version 0.22.1-2-g9c5b331 (webtiles) character file.

2769 diana the Carver (level 9, -18/70 HPs)
             Began as a Demonspawn Gladiator on Dec 15, 2018.
             Was a Believer of Hepliaklqana.
             Blown up by a great orb of eyes (44 damage)
             ... with a disintegration bolt
             ... in the Dungeon (Sprint VII: "The Pits").
             The game lasted 00:08:25 (1699 turns).

diana the Carver (Demonspawn Gladiator)             Turns: 1699, Time: 00:08:28

Health: -18/70     AC: 17    Str: 17    XL:     9   Next: 42%
Magic:  9/9        EV: 26    Int: 14    God:    Hepliaklqana [**....]
Gold:   0          SH:  0    Dex: 19    Spells: 8/8 levels left

rFire    + . .     SeeInvis .   s - +2 scimitar (slice)
rCold    . . .     Gourm    .   (no shield)
rNeg     . . .     Faith    .   m - +5 ring mail
rPois    .         Spirit   .   (helmet restricted)
rElec    .         Reflect  .   t - +0 cloak
rCorr    .         Harm     .   (no gloves)
MR       .....     NoTele   +   (no boots)
Stlth    ++........             (no amulet)
HPRegen  0.21/turn              p - +3 ring of evasion
MPRegen  0.11/turn              o - +3 ring of intelligence

@: agile
A: reduced essence, horns 1, molten scales 3, powered by pain 2
a: Recall Ancestor, Ancestor Identity, Renounce Religion


You were in the Dungeon.
You worshipped Hepliaklqana.
Hepliaklqana was pleased with you.
You were not hungry.

You visited 1 branch

Inventory:

Hand Weapons
 g - a +2 dagger of electrocution
 l - a +2 dagger
 s - a +2 scimitar of slicing (weapon)
Missiles
 d - 3 throwing nets (quivered)
Armour
 m - a +5 ring mail (worn)
 t - a +0 cloak (worn)
Jewellery
 o - a +3 ring of intelligence (right hand)
 p - a +3 ring of evasion (left hand)
Scrolls
 k - a scroll of blinking
Potions
 a - 8 potions of heal wounds
 e - 7 potions of curing
 h - 2 potions of haste
 i - 2 potions of magic
 j - a potion of berserk rage
 q - a potion of brilliance
 r - a potion of might
Comestibles
 f - a ration


   Skills:
 + Level 10.1 Fighting
 * Level 12.7 Long Blades
 - Level 1.7 Throwing
 + Level 9.1 Armour
 + Level 9.5 Dodging


You had 8 spell levels left.
You didn't know any spells.
Your spell library was empty.

Dungeon Overview and Level Annotations

Branches:
Dungeon (1/1)

Altars:
Ashenzari
Cheibriados
Dithmenos
Elyvilon
Fedhas
Gozag
Hepliaklqana
Kikubaaqudgha
Makhleb
Nemelex Xobeh
Okawaru
Qazlal
Ru
Sif Muna
Trog
Uskayaw
Vehumet
Wu Jian
Xom
Yredelemnul
Zin
The Shining One
Beogh
Jiyva
Lugonu


Innate Abilities, Weirdness & Mutations

You have a pair of small horns on your head.
You are completely covered in molten scales. (AC +4, rF+)
You sometimes gain power by taking damage.
Your life essence is reduced to manifest your ancestor. (-10% HP)


Message History

The great orb of eyes bites you but does no damage.
Something completely misses you. The great orb of eyes misses you.
You feel less confused.
The great orb of eyes bites you but does no damage.
You hit the great orb of eyes.
You headbutt the great orb of eyes, but do no damage.
The great orb of eyes is severely wounded.
Something hits you.
The great orb of eyes completely misses you.
You hit the great orb of eyes.
The great orb of eyes is severely wounded.
Something hits you but does no damage.
The great orb of eyes completely misses you.
You slash the great orb of eyes!
The great orb of eyes is almost dead.
Something hits you but does no damage. The great orb of eyes gazes at you.
You are blasted!
Ouch! That really hurt!
You die...

#..# #..# ######
#..# .##..# #..#
.##..# #..# .''..#
#..#
.'รท..##########.)#
.##...)......{..G#
.##.............@#
##################


You could see a great orb of eyes.

Vanquished Creatures
  Joseph (D)
  An efreet (D)
  A troll (D)
  2 blink frogs (D)
  A flying skull (D)
  A ynoxinul (D)
  An orc warrior (D)
  A black bear (D)
  A centaur (D)
  2 hounds (D)
  A river rat (D)
  An ooze (D)
  2 orcs (D)
  A bat skeleton (D)
  A giant cockroach (D)
  3 jackals (D)
  A kobold (D)
  A quokka (D)
  A ball python (D)
  A frilled lizard (D)
25 creatures vanquished.

Vanquished Creatures (collateral kills)
  A spriggan (D)
  A hornet (D)
  A blink frog (D)
  2 orc wizards (D)
  An ufetubus (D)
  An orc (D)
  A goblin (D)
  A jackal (D)
9 creatures vanquished.

Vanquished Creatures (others)
  A battlemage (D)
  An ancestor (D)
2 creatures vanquished.

Grand Total: 36 creatures vanquished

Notes
Turn   | Place    | Note
-------+----------+-------------------------------------------
     0 | D        | diana the Demonspawn Gladiator began the quest for the Orb.
     0 | D        | Reached XP level 1. HP: 16/16 MP: 1/1
    12 | D        | Reached skill level 3 in Long Blades
    81 | D        | Found a glowing golden altar of the Shining One.
    81 | D        | Found a glowing silver altar of Zin.
    81 | D        | Found a basalt altar of Yredelemnul.
    81 | D        | Found a shimmering altar of Xom.
    81 | D        | Found an ornate altar of the Wu Jian Council.
    81 | D        | Found a bloodstained altar of Trog.
    81 | D        | Found a deep blue altar of Sif Muna.
    81 | D        | Found a sacrificial altar of Ru.
    81 | D        | Found a stormy altar of Qazlal.
    81 | D        | Found an iron altar of Okawaru.
    81 | D        | Found a sparkling altar of Nemelex Xobeh.
    81 | D        | Found a burning altar of Makhleb.
    81 | D        | Found a viscous altar of Jiyva.
    81 | D        | Found a hazy altar of Hepliaklqana.
    81 | D        | Found an opulent altar of Gozag.
    81 | D        | Found a blossoming altar of Fedhas.
    81 | D        | Found a white marble altar of Elyvilon.
    81 | D        | Found a shadowy altar of Dithmenos.
    81 | D        | Found a snail-covered altar of Cheibriados.
    82 | D        | Found a radiant altar of Vehumet.
    82 | D        | Found a corrupted altar of Lugonu.
    82 | D        | Found a roughly hewn altar of Beogh.
    83 | D        | Found an ancient bone altar of Kikubaaqudgha.
    83 | D        | Found a hide-covered altar of Uskayaw.
    83 | D        | Found a shattered altar of Ashenzari.
    96 | D        | Became a worshipper of Hepliaklqana the Forgotten
   173 | D        | Reached skill level 1 in Armour
   173 | D        | Gained mutation: You sometimes gain a little power by
                  | taking damage. [demonic ancestry]
   173 | D        | Reached XP level 2. HP: 8/20 MP: 2/2
   184 | D        | Reached skill level 4 in Long Blades
   416 | D        | Noticed a centaur
   424 | D        | Killed a centaur
   424 | D        | Reached skill level 5 in Long Blades
   424 | D        | Gained mutation: You are partially covered in molten
                  | scales. (AC +2) [demonic ancestry]
   424 | D        | Reached XP level 3. HP: 13/27 MP: 3/3
   424 | D        | Reached XP level 4. HP: 16/34 MP: 4/4
   584 | D        | Reached * piety under Hepliaklqana
   645 | D        | Reached skill level 6 in Long Blades
   645 | D        | Reached XP level 5. HP: 35/38 MP: 5/5
   650 | D        | Reached skill level 5 in Fighting
   650 | D        | Reached skill level 5 in Dodging
   651 | D        | Noticed a black bear
   651 | D        | Noticed a flying skull
   670 | D        | Killed a black bear
   670 | D        | Reached skill level 7 in Long Blades
   682 | D        | Killed a flying skull
   682 | D        | Reached skill level 8 in Long Blades
   682 | D        | Reached skill level 5 in Armour
   682 | D        | Gained mutation: You sometimes gain power by taking damage.
                  | [demonic ancestry]
   682 | D        | Reached XP level 6. HP: 19/47 MP: 6/6
   886 | D        | Noticed a troll
   896 | D        | Killed a troll
   896 | D        | Reached skill level 9 in Long Blades
   896 | D        | Gained mutation: You are mostly covered in molten scales.
                  | (AC +3) [demonic ancestry]
   896 | D        | Reached XP level 7. HP: 13/54 MP: 7/7
  1124 | D        | Noticed a ynoxinul
  1129 | D        | Noticed Joseph
  1136 | D        | Killed a ynoxinul
  1136 | D        | Reached skill level 10 in Long Blades
  1178 | D        | Killed Joseph
  1178 | D        | Gained mutation: You have a pair of small horns on your
                  | head. [demonic ancestry]
  1178 | D        | Reached XP level 8. HP: 40/62 MP: 8/8
  1399 | D        | Reached ** piety under Hepliaklqana
  1400 | D        | Remembered your ancestor Xoxol as a battlemage
  1412 | D        | Noticed a blink frog
  1418 | D        | Killed a blink frog
  1418 | D        | Reached skill level 11 in Long Blades
  1423 | D        | Noticed a spriggan rider
  1423 | D        | Noticed a blink frog
  1423 | D        | Noticed a blink frog
  1434 | D        | Killed a blink frog
  1441 | D        | Killed a spriggan rider
  1441 | D        | Killed a hornet
  1441 | D        | Reached skill level 12 in Long Blades
  1441 | D        | Gained mutation: You are completely covered in molten
                  | scales. (AC +4, rF+) [demonic ancestry]
  1441 | D        | Reached XP level 9. HP: 22/70 MP: 9/9
  1675 | D        | Noticed a great orb of eyes
  1675 | D        | Noticed an efreet
  1686 | D        | Killed an efreet
  1686 | D        | Reached skill level 10 in Fighting
  1699 | D        | Blown up by a great orb of eyes

Skill      XL: |  1  2  3  4  5  6  7  8  9 |
---------------+----------------------------+-----
Long Blades    | 3 5 6 8 9 10 12 | 12.7
Armour         | 1 3 5 6 7 8 9 |  9.1
Dodging        | 3 4 6 7 8 9 |  9.5
Fighting       | 4 6 7 8 9 10 | 10.1
Throwing       | |  1.7

Action                   |  1- 3 |  4- 6 |  7- 9 || total
-------------------------+-------+-------+-------++-------
Melee: Falchion          |    31 |    44 |    42 ||   117
       Long sword        |     2 |       |       ||     2
       Scimitar          |       |       |    31 ||    31
       Headbutt          |       |       |    15 ||    15
Throw: Throwing net      |       |     1 |       ||     1
Invok: Ancestor Life: Ba |       |       |     1 ||     1
       Ancestor Identity |       |       |     1 ||     1
  Use: Potion            |     2 |     1 |     2 ||     5
 Stab: Distracted        |       |       |     1 ||     1
  Eat: Chunk             |       |       |     3 ||     3
Armor: Leather armour    |    11 |       |       ||    11
       Ring mail         |       |    19 |    18 ||    37
Dodge: Dodged            |    45 |    35 |    43 ||   123
       Rpst.: Falchion   |    13 |    10 |     4 ||    27
       Long sword        |     1 |       |       ||     1
       Scimitar          |       |       |     4 ||     4
